Cogmind - Beta 13 @@@ ROGUE MODE // 2024.05.25 @ 09:36:15 Player: Haldron Result: Destroyed by Autobeam Turret with Autobeam Performance ------------- Evolutions (0) 0 Regions Visited (2) 400 Robots Destroyed (23) 115 Value Destroyed (741) 741 Prototype IDs (10) 200 Alien Tech Used (0) 0 Bonus (0) 0 TOTAL SCORE: 1456 Bonus ------- None Cogmind --------- Core Integrity 0/250 Matter 162/300 Energy 200/200 System Corruption 0% Temperature Cool (12) Movement Treading (260) Ox1 Location -10/Subcaves Parts ------- > --- POWER (1) -------- Subdweller Power Source > --- PROPULSION (2) --- Spiked Treads Compact Wheel > --- UTILITY (2) ------ Medium Storage Unit Light Armor Plating > --- WEAPON (2) ------- Grenade Launcher Subdweller Shrapnel Launcher > --- INVENTORY (10) --- Light Nuclear Core Flightbrick Signal Interpreter Battle Cannon Battle Cannon Multitool Ripper Peak State ------------ > --- POWER ------------ Subdweller Power Source > --- PROPULSION ------- Spiked Treads Compact Wheel > --- UTILITY ---------- Medium Storage Unit Light Armor Plating > --- WEAPON ----------- Grenade Launcher Subdweller Shrapnel Launcher > --- INVENTORY -------- Light Nuclear Core Flightbrick Signal Interpreter Battle Cannon Battle Cannon Multitool Makeshift Sword [Rating: 15] Favorites ----------- Power Subdweller Power Source Engine Subdweller Power Source Power Core Light Nuclear Core Propulsion Light Treads Treads Light Treads Wheel Compact Wheel Utility Medium Storage Unit Device Structural Scanner Storage Medium Storage Unit Protection Light Armor Plating Weapon Grenade Launcher Energy Gun Small Laser Energy Cannon Beam Cannon Ballistic Gun Assault Rifle Launcher Grenade Launcher Special Weapon Mining Laser Build | -11 -10 -10 ------- Run | Yrd Mat Sub Slots Evolved . | . . . Power . | . . . Propulsion . | . . . Utility . | . . . Weapon . | . . . Parts Attached 37 | 8 8 21 Power 4 | 1 1 2 Engine 3 | 1 . 2 Core 1 | . 1 . Reactor . | . . . Propulsion 7 | 2 2 3 Treads 4 | . 2 2 Leg . | . . . Wheel 3 | 2 . 1 Hover . | . . . Flight . | . . . Utility 14 | 2 2 10 Device 7 | 1 1 5 Storage 2 | 1 1 . Processor . | . . . Hackware . | . . . Protection 5 | . . 5 Artifact . | . . . Weapon 12 | 3 3 6 Energy Gun 5 | 1 2 2 Energy Cannon 1 | . 1 . Ballistic Gun 3 | 2 . 1 Ballistic Cannon . | . . . Launcher 2 | . . 2 Special Weapon 1 | . . 1 Impact Weapon . | . . . Slashing Weapon . | . . . Piercing Weapon . | . . . Special Melee Weapon . | . . . Unidentified Prototypes . | . . . Parts Lost 5 | . 1 4 Power . | . . . Propulsion 1 | . . 1 Utility 1 | . . 1 Weapon 3 | . 1 2 Highest Loss Streak 2 | . 1 2 To Critical Strikes . | . . . Average Slot Usage (%) 98 | . 95 99 Engine 11 | . 11 11 Core 2 | . 2 2 Treads 23 | . 24 22 Wheel 4 | . 3 5 Device 8 | . 10 8 Storage 14 | . 14 14 Protection 4 | . . 5 Energy Gun 3 | . 10 1 Energy Cannon 5 | . 2 6 Ballistic Gun 6 | . 14 4 Launcher 8 | . . 11 Special Weapon 3 | . . 5 Naked Turns . | . . . Heaviest Build 29 | 12 21 29 Greatest Support 40 | 26 40 40 Greatest Overweight (x) 1 | . . 1 Average Overweight (x) . | . . . Largest Inventory Capacity 10 | 8 10 10 Average Capacity 9 | 7 8 10 Most Carried 10 | 7 10 10 Average Carried 8 | 3 8 9 Final Capacity 10 | 8 10 10 Final Carried 10 | 7 10 10 Class Distribution -------------------- 100% | Mutant Dominant Class ---------------- Mutant | -10/Materials Mutant | -10/Subcaves Resources | -11 -10 -10 ----------- Run | Yrd Mat Sub Matter Collected 797 | 292 100 405 Remotely . | . . . Salvage Created 636 | 87 100 449 Parts 37 | 6 8 23 Haulers Intercepted . | . . . Recyclers Shooed 1 | 1 . . Parts Field Recycled . | . . . Retrieved Matter . | . . . Parts Self-Destructed 11 | . . 11 Prevented . | . . . Kills | -11 -10 -10 ------- Run | Yrd Mat Sub Combat Hostiles Destroyed 18 | . 2 16 Guns 4 | . 2 2 Cannons 1 | . . 1 AOE 13 | . . 13 Classes Destroyed 8 | 2 2 4 Tunneler 1 | 1 . . Recycler 1 | 1 . . Turret 1 | . . 1 Watcher 2 | . 2 . Swarmer 2 | . . 2 Grunt 2 | . 2 . Sentry 1 | . . 1 Subdweller 13 | . . 13 Best Kill Streak 3 | 2 2 3 Combat Bots Only 2 | . 2 2 Max Kills in Single Turn 2 | 1 1 2 Gunslinging . | . . . Exploded 2 | . . 2 Melee . | . . . Uniques/NPCs Destroyed . | . . . Combat | -11 -10 -10 -------- Run | Yrd Mat Sub Hostile Shots Fired 76 | . 18 58 Missed 20 | . 2 18 Damage Taken 1158 | . 230 928 Core 252 | . 52 200 Absorbed by Shields . | . . . Regen/Repaired (Parts) 17 | . 17 . Core Remaining (%) 100 | 100 . . Volleys Fired 70 | 3 17 50 Largest 2 | 2 2 2 Hottest 100 | 40 80 100 Shots Fired 99 | 6 31 62 Gun 50 | 6 30 14 Cannon 16 | . 1 15 Launcher 24 | . . 24 Special 9 | . . 9 Kinetic 34 | 6 14 14 Thermal 39 | . 13 26 Explosive 18 | . . 18 Electromagnetic 8 | . 4 4 Robot Hit Streak 22 | 5 7 22 Robot Miss Streak 3 | . 3 2 Penetration Max . | . . . Secondary Targets . | . . . Shots Hit Robots 64 | 5 19 40 Core Hits 40 | 3 7 30 Critical Kills . | . . . Critical Parts Destroyed . | . . . Critical Strikes . | . . . Melee Attacks . | . . . Impact . | . . . Slashing . | . . . Piercing . | . . . Sneak Attacks . | . . . Combat Hostiles . | . . . Follow-up Attacks . | . . . Damage Inflicted 1971 | 47 244 1680 Guns 378 | 47 222 109 Cannons 195 | . 18 177 Explosions 1394 | . . 1394 Melee . | . . . Ramming 4 | . 4 . Kinetic 610 | 47 105 458 Thermal 270 | . 93 177 Explosive 1035 | . . 1035 Electromagnetic 52 | . 42 10 Impact . | . . . Slashing . | . . . Piercing . | . . . Highest Corruption . | . . . Average Corruption . | . . . Corruption Purged . | . . . Corruption Blocked . | . . . Overload Shots . | . . . Overflow Damage . | . . . Projectiles . | . . . Explosions . | . . . Melee . | . . . Knockbacks . | . . . Impact . | . . . Kinetic . | . . . Secondary . | . . . Self-Inflicted Damage 44 | . . 44 Shots 2 | . . 2 Rammed 1 | . 1 . Targets Rammed 1 | . 1 . Kicked . | . . . Crushed . | . . . Highest Temperature 69 | . 69 4 Average Temperature 31 | . 33 2 Received Heat Transfer 240 | . 129 111 Siege Activations . | . . . Robots Corrupted . | . . . Combat Hostiles . | . . . Parts Fried . | . . . Impact Corruptions . | . . . Robots Melted . | . . . Combat Hostiles . | . . . Parts Melted . | . . . Heat Transferred 582 | . 212 370 Parts Sabotaged . | . . . Parts Stolen . | . . . Parts Stripped . | . . . Power Chain Reactions . | . . . Alert | -11 -10 -10 ------- Run | Yrd Mat Sub Peak Influence 129 | 10 129 . Initial 6 | . 6 . Average 55 | 5 59 . Maximum Alert Level . | . . . Low Security (%) 100 | 100 100 . Level 1 . | . . . Level 2 . | . . . Level 3 . | . . . Level 4 . | . . . Level 5 . | . . . High Security . | . . . Max Security . | . . . Squads Dispatched 1 | . 1 . Investigation . | . . . Extermination . | . . . Reinforcement 1 | . 1 . Assault . | . . . Garrison . | . . . Intercept . | . . . Searches Triggered . | . . . Construction Impeded . | . . . Haulers Reinforced . | . . . Active Scanning Responses . | . . . Cargo Convoy Interrupts . | . . . Stealth | -11 -10 -10 --------- Run | Yrd Mat Sub Distress Signals 1 | . 1 . Communications Jammed . | . . . Distress Signals . | . . . Times Spotted 34 | . 10 24 Peak Tracking Total 4 | . 3 4 Tactical Retreats 3 | . 1 2 Traps | -11 -10 -10 ------- Run | Yrd Mat Sub Traps Triggered 3 | . . 3 Indirectly . | . . . Trap Hack Attempts . | . . . Triggered . | . . . Disarmed . | . . . Reprogrammed . | . . . Reused . | . . . Traps Extracted . | . . . Installed . | . . . Triggered . | . . . Machines | -11 -10 -10 ---------- Run | Yrd Mat Sub Machines Disabled 4 | . . 4 Max in Single Turn 3 | . . 3 Machines Repaired . | . . . Machines Dismantled . | . . . Machines Sabotaged . | . . . Overloaded Fab Kills . | . . . Hacking | -11 -10 -10 --------- Run | Yrd Mat Sub Machines Accessed 7 | . 6 1 Terminals 4 | . 4 . Fabricators . | . . . Repair Stations 1 | . 1 . Recycling Units 1 | . 1 . Scanalyzers . | . . . Garrison Access . | . . . Total Hacks 18 | . 16 2 Successful 9 | . 7 2 Failed 9 | . 9 . Catastrophic 1 | . 1 . Database Lockouts . | . . . Manual 8 | . 8 . Terminals 12 | . 12 . Fabricators . | . . . Repair Stations 2 | . 2 . Recycling Units 2 | . 2 . Scanalyzers . | . . . Garrison Access . | . . . Terminal Hacks 6 | . 4 2 Record 1 | . . 1 Repair Station Index 1 | . 1 . Locate Traps 2 | . 2 . Hauler Manifests 1 | . 1 . Derelict Proto ID Bank 1 | . . 1 Fabricator Hacks . | . . . Repair Station Hacks 2 | . 2 . Scan Component 1 | . 1 . Repair 1 | . 1 . Recycling Unit Hacks . | . . . Scanalyzer . | . . . Garrison Access Hacks . | . . . Unauthorized Hacks 1 | . 1 . Terminals 1 | . 1 . Botnet 1 | . 1 . Fabricators . | . . . Repair Stations . | . . . Recycling Units . | . . . Scanalyzers . | . . . Garrison Access . | . . . Data Cores Recovered . | . . . Used . | . . . Hacking Detections 5 | . 5 . Full Trace Events . | . . . Feedback Events . | . . . Feedback Blocked . | . . . Robot Schematics Acquired . | . . . Robots Built . | . . . Authchips . | . . . Time . | . . . Total Robot Build Rating . | . . . Part Schematics Acquired . | . . . Parts Built . | . . . Authchips . | . . . Time . | . . . Total Part Build Rating . | . . . Parts Repaired 1 | . 1 . Time 26 | . 26 . Parts Recycled . | . . . Recycled Matter . | . . . Retrieved Matter . | . . . Retrieved Components . | . . . Parts Scanalyzed . | . . . Part Schematics Acquired . | . . . Parts Damaged . | . . . Bothacking | -11 -10 -10 ------------ Run | Yrd Mat Sub Used RIF Installer . | . . . Robots Hacked . | . . . Non-combat . | . . . Combat . | . . . Robot Hacks Applied . | . . . Relay Couplers Released . | . . . Fabnet Peak Effective % . | . . . Robots Rewired . | . . . Allies Hacked . | . . . Hacks Repelled . | . . . Allies | -11 -10 -10 -------- Run | Yrd Mat Sub Total Allies . | . . . Largest Group . | . . . Highest-Rated Group . | . . . Highest-Rated Ally . | . . . Total Orders . | . . . Ally Attacks . | . . . Total Damage . | . . . Kills . | . . . Allies Corrupted . | . . . Allies Melted . | . . . Intel | -11 -10 -10 ------- Run | Yrd Mat Sub Robot Analysis Total . | . . . Derelict Logs Recovered 3 | . . 3 Drone Launches . | . . . Drone Recoveries . | . . . Exploration | -11 -10 -10 ------------- Run | Yrd Mat Sub Turns Passed 2972 | 65 688 2219 Spaces Moved 1657 | 43 392 1222 Core 1 | 1 . . Treads 925 | . 340 585 Legs . | . . . Wheels 731 | 42 52 637 Hover . | . . . Flight . | . . . Fastest Speed 50 | 50 90 115 Average Speed 138 | 89 150 136 Slowest Speed 240 | 100 160 240 Overloaded Moves . | . . . Propulsion Burnouts . | . . . Robots Hopped . | . . . Cave-ins Triggered . | . . . Exploration Rate (%) 51 | 4 73 78 Regions Visited 2 Branch Regions 1 Pre-discovered Areas 3 | . . 3 Known Exits Taken . | . . . Unknown Exits Taken 2 | 1 1 . Scrap Searched 9 | . . 9 Spaces Dug . | . . . Terrain Destroyed 179 | . . 179 Melee . | . . . Projectile . | . . . AOE 179 | . . 179 Terrain Rammed . | . . . Walls Destroyed . | . . . Machines Disabled . | . . . Actions | -11 -10 -10 --------- Run | Yrd Mat Sub Total 2211 | 60 463 1688 Wait 397 | . 21 376 Move 1655 | 42 391 1222 Hop . | . . . Pick Up 27 | 7 13 7 Fast Attach 11 | 7 1 3 Attach 5 | . 2 3 Detach 3 | . 2 1 Swap 21 | 1 5 15 Drop 21 | . 10 11 Fire 70 | 3 17 50 Melee . | . . . Ram . | . . . Kick . | . . . Crush 1 | . 1 . Escape Stasis . | . . . Rewire . | . . . Trap . | . . . Miscellaneous . | . . . Route ------- -11/Scrapyard -10/Materials (discovered 4 exits: [*Mat] / [*Min x2] / *Sub) -10/Subcaves (discovered 2 exits: [*Mat] / [*Rec]) History --------- Turn | Location | Event 17 | -11/Scrapyard | Discovered new exit (range 14) 66 | -11/Scrapyard | Entered Materials 66 | -10/Materials | Discovered new exit (range 14) 194 | -10/Materials | Discovered new exit (range 16) 330 | -10/Materials | Discovered new exit (range 9) 333 | -10/Materials | Build established: Mutant 454 | -10/Materials | Repaired Seismic Detector? 725 | -10/Materials | Discovered new exit (range 11) 754 | -10/Materials | Entered Subcaves 1267 | -10/Subcaves | Learned Materials security intel 1990 | -10/Subcaves | Learned location of Zion (-6) 2139 | -10/Subcaves | Visited 4L-MR0's lab 2159 | -10/Subcaves | Found Flightbrick 2267 | -10/Subcaves | Core integrity fell below 50% 2355 | -10/Subcaves | Met a Zionite searching for "candidates" 2633 | -10/Subcaves | Core integrity fell below 20% 2676 | -10/Subcaves | A swath of the cavern ceiling suddenly collapsed 2761 | -10/Subcaves | Disturbed a concealed Subdweller 2813 | -10/Subcaves | Discovered new exit (range 14) 2890 | -10/Subcaves | Shifting Twisted Machinery released Flamer 2936 | -10/Subcaves | Shifting Twisted Machinery released Flamer 2971 | -10/Subcaves | Discovered new exit (range 15) 2973 | -10/Subcaves | Destroyed by Autobeam Turret with Autobeam Last Messages --------------- 02668_ Subatomizers dissect the Sub. Laser. A swath of the cavern ceiling suddenly collapses. 02705_ Dropped Mak. Sword. 02705_ Acquired Ripper. 02761_ 9F-4PB(R) angrily emerges from the Twisted Machinery. 02767_ 9F-4PB(R) destroyed. 02775_ Acquired 13 matter. 02778_ Searching scrap... 02778_ Found Sub. Power Source. 02778_ Found Riot Gun. 02778_ Found 22 Matter. 02779_ Acquired 22 matter. 02813_ EXIT=FOUND Flamer falls loose from the Twisted Machinery. 02971_ Machine disabled. 02971_ Autobeam Turret destroyed. 02971_ Machine disabled. 02971_ S-10 Pest destroyed. 02971_ EXIT=FOUND 02973_ S-10 Pest destroyed. Map ----- +----------------------------------------------------+ | #?### ##??????????????????????????????? | | ??#### ###??????????????????????????????? | | # ???## ###??????????????????????????????? | | # ???## ###??????????????????????????????? | | # "???## ##??????????????????????????????? | | # "??? " ###??????????????????????????????? | | ## ??"""""# " ??????????????????????????????? | | ###??"###### ???????????????????????????????? | | ?????" ## ???????????????????????????????? | | ????"???????????????????????????????????????? | | ????????????????????????????????????????????? | | ????????????????????????????????????????????? | | ??????????????????